 Dungeon Crawl Stone Soup version 0.20.1-1-g8b1a95d (webtiles) character file.

145 deszczowiec the Insei (level 5, -2/42 HPs)
             Began as a Draconian Transmuter on Nov 11, 2017.
             Slain by Thaneod's ghost (7 damage)
             ... on level 3 of the Dungeon.
             The game lasted 00:18:33 (2888 turns).

deszczowiec the Insei (Draconian Transmuter)        Turns: 2888, Time: 00:18:33

Health: -2/42      AC:  6    Str: 12    XL:     5   Next: 6%
Magic:  7/9        EV: 12    Int: 14    God:
Gold:   132        SH:  0    Dex: 12    Spells: 4/10 levels left

rFire    . . .     SeeInvis .     - Unarmed
rCold    . . .     Gourm    .   (no shield)
rNeg     + . .     Faith    .   (armour unavailable)
rPois    .         Spirit   .   d - +1 hat
rElec    .         Reflect  .   (no cloak)
rCorr    .         Harm     .   (no gloves)
MR       .....                  (no boots)
Stlth    +.........             (no amulet)
Regen    0.2/turn               e - ring of positive energy
MPRegen  0.2/turn               (no ring)

@: appendage (expiring)
A: unfitting armour, horns 2, cold-blooded, AC +5
a: End Transformation


You were on level 3 of the Dungeon.
You were not hungry.
You had grown temporary horns.
You visited 1 branch of the dungeon, and saw 3 of its levels.

You collected 132 gold pieces.

Inventory:

Hand Weapons
 i - a +0 mace
Missiles
 a - 50 arrows
 l - 16 poisoned needles
Armour
 d - a +1 hat (worn)
Jewellery
 e - a ring of positive energy (left hand)
Wands
 h - a wand of acid (6/15)
Scrolls
 g - 5 scrolls of teleportation
 m - 2 scrolls of amnesia
 o - a scroll of immolation
 r - a scroll of remove curse
 s - a scroll of fear {unknown}
Potions
 f - a potion of curing
 j - a potion of cancellation
 n - a potion of lignification
 p - a potion of haste {unknown}
 q - a potion of berserk rage {unknown}
Books
 b - a book of Changes

   Spells                             Type                      Level
   a - Beastly Appendage              Transmutation                1
   b - Sticks to Snakes               Transmutation                2
   c - Spider Form                    Transmutation/Poison         3
   d - Ice Form                       Ice/Transmutation            4
   e - Blade Hands                    Transmutation                5
Comestibles
 c - 3 bread rations
 k - a meat ration


   Skills:
 + Level 2.6 Fighting
 - Level 1.7 Dodging
 + Level 3.7 Unarmed Combat
 + Level 3.0 Spellcasting
 + Level 3.1 Transmutations
 + Level 0.8 Poison Magic


You had 4 spell levels left.
You knew the following spells:

 Your Spells              Type           Power        Failure   Level  Hunger
a - Beastly Appendage     Tmut           ##....       6%          1    #......
b - Sticks to Snakes      Tmut           ##......     9%          2    ##.....
c - Spider Form           Tmut/Pois      #.........   28%         3    ###....


Dungeon Overview and Level Annotations

Branches:
Dungeon (3/15)

Altars:
Zin

Annotations:
D:3 Natasha; Thaneod's ghost, amateur MiGl


Innate Abilities, Weirdness & Mutations

Your plain brown scales are hard. (AC +5)
You cannot fit into any form of body armour.
You are cold-blooded and may be slowed by cold attacks.
You have a pair of horns on your head.


Message History

* * * LOW HITPOINT WARNING * * *
You hit Thaneod's ghost. You tail-slap Thaneod's ghost.
Thaneod's ghost is lightly damaged.
Your ball python bites Thaneod's ghost but does no damage.
Thaneod's ghost hits you!
* * * LOW HITPOINT WARNING * * *
You hit Thaneod's ghost but do no damage.
Thaneod's ghost is lightly damaged.
Your ball python bites Thaneod's ghost but does no damage.
Thaneod's ghost completely misses you.
You hit Thaneod's ghost.
Your tail-slap misses Thaneod's ghost.
Thaneod's ghost is moderately damaged.
Your ball python closely misses Thaneod's ghost.
Thaneod's ghost completely misses you.
Your ball python bites Thaneod's ghost but does no damage.
You hit Thaneod's ghost. Your headbutt misses Thaneod's ghost.
Thaneod's ghost is heavily damaged.
Your transformation is almost over.
Thaneod's ghost hits you!
You die...

#.##.........# ###.##.........#
#..............# #.##.##........#
####.##.##........#
#....##...........# ######
#.########........#
#####....#####.########.......[#
...†.....'.....W@...........>###
#####....#####.S.#########.#.####
#....#.....#.# ###.....#.....
##'##....#...# #........#####
#.##..#.#.#.# #........#
######.....#...#.# #........#
............####.# ###.######
......####..## #.# #.#######
......#......# #.# #[#.....#


You could see Thaneod's ghost and a friendly ball python.

Vanquished Creatures
  7 adders
  4 worms (D:2)
  3 dart slugs
  A leopard gecko (D:2)
  4 orcs (D:3)
  4 ball pythons
  2 giant cockroaches
  4 hobgoblins
  A jackal (D:2)
  A quokka (D:2)
  9 bats
  5 frilled lizards
  5 goblins
  12 kobolds
  6 rats
68 creatures vanquished.

Notes
Turn   | Place    | Note
-------+----------+-------------------------------------------
     0 | D:1      | deszczowiec the Draconian Transmuter began the quest for the Orb.
     0 | D:1      | Reached XP level 1. HP: 16/16 MP: 3/3
   104 | D:1      | Reached XP level 2. HP: 20/23 MP: 3/5
   757 | D:1      | Learned a level 2 spell: Sticks to Snakes
   802 | D:2      | Reached XP level 3. HP: 15/29 MP: 4/6
  1086 | D:2      | Found a glowing silver altar of Zin.
  1726 | D:2      | Reached XP level 4. HP: 30/37 MP: 6/8
  1731 | D:2      | Learned a level 3 spell: Spider Form
  2495 | D:3      | Noticed Thaneod's ghost (amateur MiGl)
  2646 | D:3      | Reached XP level 5. HP: 32/42 MP: 9/9
  2749 | D:3      | Noticed Natasha
  2888 | D:3      | Slain by Thaneod's ghost

Skill      XL: |  1  2  3  4 |
---------------+-------------+-----
Fighting       | 2 |  2.6
Transmutations | 3 |  3.1
Spellcasting   | 3 |  3.0
Dodging        | |  1.7
Unarmed Combat | |  3.7
Poison Magic   | |  0.8

Action                   |  1- 3 |  4- 6 || total
-------------------------+-------+-------++-------
Melee: Unarmed           |   124 |   134 ||   258
       Tailslap          |    10 |    15 ||    25
       Headbutt          |     6 |     2 ||     8
       Kick              |     4 |     7 ||    11
       Punch             |       |     1 ||     1
 Cast: Beastly Appendage |    12 |     8 ||    20
       Sticks to Snakes  |       |     1 ||     1
  Use: Potion            |     2 |     2 ||     4
       Scroll            |     3 |     5 ||     8
 Stab: Sleeping          |     1 |       ||     1
  Eat: Chunk             |     2 |     2 ||     4
       Fruit             |     1 |       ||     1
       Royal jelly       |       |     1 ||     1
Armor: Skin              |    33 |    34 ||    67
Dodge: Dodged            |    60 |    77 ||   137
